Map: New Repugnancy LE

Players

qterfragrant

  • Race: Terran Terran
  • Spawn Location: 7:00

Flavor - Winner!

  • Race: Zerg Zerg
  • League: Gold
  • Spawn Location: 1:00

VOD

Have the link to the VOD?

Description

Time

  • Played on: April 18, 2019, 5:54 a.m.
  • Length: 10:04
Show
View Real Time Build Order
Export as new Build Order

qterfragrant Terran 

Build Orders:  

Get SALT Encoding   

  12  0:11  SCV  
  13  0:44  SCV  
  14  0:52  Supply Depot  
  14  0:56  SCV  
  15  1:05  Supply Depot  
  15  1:14  SCV  
  16  1:21  Barracks  
  16  1:32  SCV  
  17  1:46  Command Center  
  17  1:50  SCV  
  18  2:13  Supply Depot  
  18  2:18  Orbital Command  
  18  2:23  Marine  
  19  2:41  Marine  
  19  2:42  Barracks  
  20  2:51  Barracks  
  20  3:03  Barracks  
  20  3:12  Orbital Command  
  20  3:19  SCV  
  21  3:31  SCV  
  22  3:38  SCV  
  23  3:42  Marine  
  23  3:43  SCV  
  25  3:50  SCV  
  26  4:20  SCV  
  26  4:21  SCV  
  26  4:24  Marine  
  29  4:32  SCV  
  29  4:33  SCV  
  29  4:35  Supply Depot  
  31  4:41  Marine  
  31  4:44  SCV  
  31  4:45  SCV  
  34  4:56  SCV  
  34  4:57  SCV  
  34  4:59  Marine  
  37  5:08  SCV  
  37  5:09  SCV  
  39  5:17  Marine  
  39  5:18  Barracks  
  39  5:20  SCV  
  41  5:24  SCV  
  42  5:31  Marine x2  
  42  5:32  SCV  
  42  5:35  Marine  
  46  5:36  SCV  
  46  5:38  Marine  
  48  5:45  SCV  
  48  5:48  Marine, SCV  
  48  5:49  Marine  
  52  5:53  Marine  
  52  5:56  Marine  
  55  5:57  SCV  
  55  6:01  SCV  
  56  6:06  Marine  
  56  6:07  Marine  
  56  6:09  SCV  
  56  6:11  Marine  
  60  6:13  Marine, SCV  
  62  6:22  Barracks  
  62  6:32  Engineering Bay  
  62  6:40  Engineering Bay  
  62  6:54  Marine  
  62  6:55  SCV x2  
  62  6:59  Refinery  
  65  7:05  Supply Depot  
  65  7:06  Refinery  
  65  7:07  SCV x2  
  67  7:10  Barracks, Supply Depot  
  67  7:17  Marine  
  67  7:18  Marine x2  
  70  7:27  Marine x3, SCV x2  
  70  7:28  Supply Depot  
  75  7:32  Supply Depot  
  75  7:35  Marine  
  75  7:36  Marine x2  
  78  7:39  SCV x2  
  80  7:44  Marine x3  
  83  7:51  Supply Depot  
  83  7:53  Marine x2  
  83  7:54  Marine  
  86  8:01  Command Center  
  86  8:14  Supply Depot  
  86  8:15  Marine  
  86  8:16  Marine x6  
  93  8:21  SCV x2  
  95  8:33  Marine x2, SCV x2  
  95  8:34  Marine x5  
  100  8:37  Supply Depot  
  63  8:51  Marine x4  
  63  8:52  Marine x3  
  68  9:09  Marine x2  
  70  9:14  Marine x4  
  70  9:15  Marine  
  75  9:26  Marine  
  75  9:27  Marine  
  77  9:32  Marine x5  
  77  9:35  Refinery  
  82  9:39  Refinery  
  82  9:44  Marine  
  82  9:45  Marine  
  85  10:01  Barracks Tech Lab  
Show
View Real Time Build Order
Export as new Build Order

Flavor Zerg - Winner!

Build Orders: Hatch First, Muta Ling Bane 

Get SALT Encoding   

  12  0:02  Drone  
  13  0:13  Overlord  
  13  0:18  Drone  
  14  0:33  Drone x2  
  16  0:36  Drone  
  17  0:55  Hatchery  
  16  1:08  Spawning Pool  
  16  1:11  Extractor, Drone  
  14  1:15  Drone  
  16  1:19  Drone  
  17  1:26  Overlord  
  17  1:34  Drone  
  18  1:55  Queen  
  18  1:56  Zergling x4  
  22  2:07  Queen  
  24  2:13  Metabolic Boost  
  24  2:29  Hatchery  
  23  2:37  Queen  
  25  2:45  Queen  
  25  2:50  Drone  
  28  2:52  Drone  
  28  2:56  Drone  
  30  2:59  Drone  
  30  3:05  Overlord  
  31  3:13  Queen  
  33  3:21  Queen  
  33  3:25  Drone  
  33  3:26  Drone  
  37  3:29  Drone  
  38  3:36  Overlord  
  38  3:41  Drone x2  
  38  3:42  Drone  
  38  3:43  Drone  
  42  3:57  Drone x3  
  42  3:58  Drone x2  
  42  4:02  Drone x2  
  49  4:08  Drone x3  
  49  4:09  Drone  
  53  4:12  Drone  
  53  4:15  Spore Crawler  
  53  4:19  Spore Crawler  
  53  4:20  Drone  
  53  4:21  Drone  
  54  4:29  Queen  
  54  4:30  Baneling Nest  
  55  4:33  Zergling x2  
  55  4:34  Zergling x2  
  57  4:46  Overlord  
  57  4:47  Overlord  
  57  4:56  Evolution Chamber  
  57  4:57  Drone, Evolution Chamber  
  57  4:59  Drone  
  57  5:00  Drone  
  58  5:13  Overlord  
  58  5:16  Drone  
  58  5:17  Drone x9  
  58  5:21  Drone x2  
  70  5:22  Extractor, Drone  
  70  5:24  Zerg Melee Weapons Level 1  
  70  5:25  Drone x3  
  70  5:26  Extractor  
  70  5:27  Zergling x2  
  73  5:29  Baneling x5  
  73  5:31  Drone  
  73  5:32  Extractor  
  73  5:47  Drone  
  74  5:52  Drone x2  
  74  5:54  Drone x2  
  78  5:57  Drone x3  
  78  5:58  Extractor x2, Drone  
  78  5:59  Zergling x4  
  78  6:02  Overlord x3  
  82  6:04  Lair  
  82  6:10  Overlord x2  
  82  6:17  Zerg Ground Armor Level 1  
  82  6:21  Hatchery  
  82  6:23  Spore Crawler  
  82  6:24  Drone  
  82  6:25  Drone x2  
  82  6:26  Drone  
  82  6:27  Drone x3  
  82  6:31  Zergling x2  
  82  6:32  Zergling x6  
  91  6:46  Zergling x10  
  91  6:47  Zergling x4  
  98  6:49  Baneling  
  98  6:50  Baneling x12  
  98  6:55  Zergling x8  
  102  7:03  Centrifical Hooks  
  102  7:06  Spire  
  102  7:08  Drone  
  102  7:11  Zergling x2  
  102  7:12  Zergling x10  
  108  7:16  Overlord x3  
  108  7:19  Zerg Melee Weapons Level 2  
  108  7:24  Drone  
  108  7:26  Infestation Pit  
  108  7:27  Zergling x2  
  108  7:28  Zergling x14  
  116  7:43  Overlord  
  116  7:44  Overlord  
  116  7:45  Overlord  
  116  7:49  Overlord x3  
  116  7:51  Queen  
  116  7:52  Drone x5  
  123  8:05  Hive  
  123  8:09  Drone  
  123  8:10  Drone x8  
  125  8:13  Zergling x2  
  125  8:17  Baneling  
  125  8:18  Baneling x9  
  125  8:19  Baneling  
  126  8:21  Drone  
  126  8:22  Drone x5  
  132  8:30  Extractor x2  
  132  8:31  Zergling x2  
  132  8:32  Zergling x10  
  125  9:00  Drone  
  125  9:02  Mutalisk x2  
  126  9:03  Mutalisk x7  
  126  9:07  Zergling x2  
  126  9:08  Zergling x24, Hatchery  
  156  9:26  Baneling  
  156  9:27  Baneling x15  
  156  9:29  Zergling x2  
  156  9:30  Zergling x18  
  166  9:41  Drone  
  167  9:49  Hatchery  
Tags
 
Composition
Muta Ling Bane
League
Gold
Matchup
TvZ
Spawn Locations
Cross Positions
Add a new tag
Caveats
  • Supply blocks, unpowered buildings, or Contaminate may cause inaccurate times.
  • Supply counts are checked every 10 seconds.